Map: Terraform LE (Void)

Players

Walnut - Winner!

  • Race: Protoss Protoss
  • League: Grandmaster

ReMy

  • Race: Zerg Zerg
  • League: Grandmaster

VOD

Have the link to the VOD?

Description

Time

  • Played on: July 15, 2015, 3:15 p.m.
  • Length: 11:51
Show
View Real Time Build Order
Export as new Build Order

Walnut Protoss - Winner!

Build Orders: Oracle Opening 

Get SALT Encoding   

  12  0:02  Probe  
  13  0:14  Pylon  
  13  0:18  Probe  
  14  0:32  Probe (Chrono Boost)  
  14  0:34  Gateway  
  16  0:43  Probe (Chrono Boost)  
  16  0:45  Assimilator  
  16  0:50  Probe (Chrono Boost)  
  16  0:54  Assimilator  
  17  1:01  Probe  
  18  1:09  Forge  
  18  1:13  Probe  
  19  1:23  Cybernetics Core  
  20  1:25  Probe (Chrono Boost)  
  20  1:31  Pylon  
  20  1:37  Probe (Chrono Boost)  
  21  1:43  Protoss Ground Weapons Level 1  
  21  1:59  Adept (Chrono Boost), Warp Gate  
  23  2:15  Mothership Core (Chrono Boost)  
  25  2:28  Nexus  
  25  2:34  Adept  
  27  2:46  Pylon  
  27  2:48  Probe (Chrono Boost)  
  29  2:58  Probe (Chrono Boost)  
  29  3:01  Stargate  
  29  3:18  Probe (Chrono Boost)  
  31  3:28  Probe (Chrono Boost)  
  31  3:31  Gateway  
  31  3:35  Pylon  
  31  3:40  Probe x2  
  33  3:44  Oracle  
  36  3:52  Probe x2  
  36  3:54  Gateway  
  38  4:04  Probe  
  38  4:05  Probe  
  38  4:06  Sentry  
  42  4:15  Photon Cannon  
  42  4:16  Probe  
  43  4:26  Fleet Beacon  
  43  4:33  Adept  
  45  4:39  Probe x2 (Chrono Boost)  
  47  4:50  Probe x2 (Chrono Boost)  
  41  4:54  Sentry, Adept  
  41  4:55  Adept  
  41  5:10  Probe x2  
  41  5:12  Pylon  
  43  5:15  Assimilator  
  43  5:16  Assimilator  
  43  5:20  Photon Cannon  
  43  5:22  Probe (Chrono Boost)  
  43  5:25  Pylon  
  43  5:27  Probe (Chrono Boost)  
  45  5:31  Sentry  
  45  5:34  Probe (Chrono Boost)  
  48  5:37  Probe (Chrono Boost)  
  48  5:40  Probe (Chrono Boost)  
  50  5:44  Probe  
  51  5:52  Probe  
  51  5:56  Probe (Chrono Boost)  
  53  6:00  Stalker  
  53  6:01  Stalker x2  
  53  6:04  Probe (Chrono Boost)  
  60  6:08  Probe (Chrono Boost)  
  61  6:14  Probe (Chrono Boost)  
  62  6:27  Adept x2  
  66  6:33  Adept  
  66  6:39  Pylon  
  68  6:40  Twilight Council  
  68  6:43  Pylon  
  68  6:57  Tempest (Chrono Boost)  
  72  7:01  Adept  
  72  7:02  Sentry  
  72  7:03  Sentry  
  78  7:18  Protoss Ground Weapons Level 2 (Chrono Boost)  
  78  7:20  Gateway  
  78  7:23  Gateway, Probe x2 (Chrono Boost)  
  80  7:33  Probe x2 (Chrono Boost)  
  82  7:39  Nexus  
  82  7:40  Stalker  
  84  7:46  Shield Upgrade  
  84  7:49  Pylon  
  84  7:53  Pylon  
  84  7:56  Pylon  
  84  8:00  Pylon  
  84  8:06  Tempest  
  84  8:12  Pylon  
  88  8:13  Pylon  
  88  8:18  Stalker x2  
  88  8:19  Adept x2  
  96  8:37  Photon Cannon  
  96  8:39  Gateway  
  96  8:42  Gateway  
  96  8:50  Tempest  
  100  8:59  Pylon  
  100  9:02  Robotics Facility  
  100  9:10  Pylon  
  100  9:19  Stalker x2, Adept x2  
  100  9:23  Stalker  
  108  9:53  Stalker x4  
  108  9:54  Adept  
  108  9:58  Tempest (Chrono Boost)  
  118  10:01  Observer (Chrono Boost)  
  118  10:05  Probe x2  
  111  10:23  Adept  
  111  10:24  Sentry x2, Adept  
  111  10:28  Observer (Chrono Boost)  
  120  10:32  Zealot x3  
  126  10:52  Tempest (Chrono Boost)  
  126  10:55  Mothership Core  
  131  10:59  Probe x2  
  131  11:02  Assimilator  
  131  11:03  Adept  
  131  11:04  Adept, Assimilator  
  137  11:11  Probe x2  
  137  11:16  Probe  
  135  11:43  Adept x4  
  135  11:44  Adept  
  135  11:45  Zealot x2  
Show
View Real Time Build Order
Export as new Build Order

ReMy Zerg 

Build Orders: Hatch First, Lurkers 

Get SALT Encoding   

  12  0:02  Drone  
  13  0:09  Drone  
  14  0:35  Hatchery  
  13  0:38  Drone  
  14  0:55  Spawning Pool  
  13  0:59  Drone, Extractor  
  13  1:03  Drone  
  14  1:12  Overlord  
  14  1:30  Drone x2  
  16  1:35  Drone  
  17  1:47  Queen  
  17  1:50  Queen  
  21  2:00  Drone  
  22  2:03  Metabolic Boost  
  22  2:09  Zergling x2  
  22  2:10  Zergling x2  
  24  2:17  Drone  
  24  2:18  Drone  
  26  2:24  Overlord  
  26  2:34  Drone x2  
  28  2:44  Drone x2  
  28  2:45  Drone  
  28  2:48  Zergling x2  
  32  3:03  Zergling x8  
  35  3:08  Pneumatized Carapace  
  35  3:20  Zergling x2  
  35  3:22  Overlord x3  
  36  3:41  Zergling x16  
  44  3:50  Drone x2  
  46  3:59  Zergling x2  
  46  4:00  Zergling x10  
  52  4:20  Overlord  
  52  4:21  Overlord  
  52  4:23  Drone  
  53  4:38  Hatchery  
  49  4:53  Zergling x2  
  49  4:54  Zergling x22  
  45  5:07  Drone x3  
  45  5:11  Roach Warren, Extractor  
  45  5:12  Extractor  
  45  5:13  Extractor  
  42  5:25  Spore Crawler  
  42  5:26  Spore Crawler  
  42  5:27  Lair  
  40  5:28  Drone x2  
  42  5:49  Drone x3  
  47  5:50  Drone x6  
  50  6:03  Drone x3  
  47  6:26  Drone  
  47  6:28  Drone x2  
  47  6:29  Drone x6, Hydralisk Den  
  55  6:41  Drone x2  
  55  6:42  Drone x2  
  55  6:43  Glial Reconstitution  
  59  6:47  Queen  
  58  7:00  Lurker Den  
  55  7:06  Hydralisk x4  
  63  7:21  Spore Crawler  
  61  7:43  Hydralisk  
  61  7:44  Hydralisk x8  
  78  7:52  Drone x4  
  82  8:05  Overlord x3  
  82  8:12  Extractor  
  80  8:14  Extractor  
  80  8:17  Overlord  
  79  8:27  Hydralisk  
  79  8:28  Lurker x2  
  79  8:29  Lurker x7  
  79  8:32  Lurker  
  86  9:01  Hydralisk  
  86  9:02  Hydralisk x6  
  97  9:26  Overseer  
  97  9:35  Hydralisk x6  
  100  9:58  Roach  
  100  9:59  Roach x2  
  106  10:00  Overlord x4  
  102  10:29  Drone  
  102  10:30  Drone x13  
  110  10:52  Queen  
  112  10:57  Evolution Chamber  
  112  10:58  Evolution Chamber  
  112  11:04  Overseer x2  
  110  11:10  Hydralisk x10  
Tags
 
Add a new tag
Caveats
  • Supply blocks, unpowered buildings, or Contaminate may cause inaccurate times.
  • Supply counts are checked every 10 seconds.